 Dungeon Crawl Stone Soup version 0.23-a0-767-gdc19b93d68 (webtiles) character file.

35 Jannitor the Ducker (level 3, 0/24 HPs)
             Began as a Halfling Gladiator on Jan 24, 2019.
             Succumbed to a kobold's poison
             ... on level 2 of the Dungeon.
             The game lasted 00:01:59 (1342 turns).

Jannitor the Ducker (Halfling Gladiator)            Turns: 1342, Time: 00:02:00

Health: 0/24       AC:  7    Str: 15    XL:     3   Next: 55%
Magic:  3/3        EV: 15    Int:  6    God:
Gold:   25         SH:  0    Dex: 16    Spells: 2/2 levels left

rFire    . . .     SeeInvis .   a - +0 war axe
rCold    + . .     Gourm    .   (shield restricted)
rNeg     . . .     Faith    .   m - +0 ring mail
rPois    .         Spirit   .   c - +0 helmet
rElec    .         Reflect  .   (no cloak)
rCorr    .         Harm     .   (no gloves)
MR       .....                  k - +0 pair of boots
Stlth    +.........             (no amulet)
HPRegen  0.08/turn              o - ring of protection from cold
MPRegen  0.08/turn              (no ring)

@: lethally poisoned (0 -> -14)
A: small, mutation resistance 1
a: no special abilities


You were on level 2 of the Dungeon.
You were not hungry.

You visited 1 branch of the dungeon, and saw 2 of its levels.

You collected 25 gold pieces.

Inventory:

Hand Weapons
 a - a +0 war axe (weapon)
Missiles
 d - 3 throwing nets (quivered)
Armour
 b - a +0 leather armour
 c - a +0 helmet (worn)
 k - a +0 pair of boots (worn)
 m - a +0 ring mail (worn)
Jewellery
 o - a ring of protection from cold (left hand)
Scrolls
 e - a scroll of identify {unknown}
 h - a scroll of enchant weapon {unknown}
 n - 2 scrolls of amnesia {unknown}
 p - a scroll of random uselessness {unknown}
Comestibles
 f - 4 rations
 l - 2 chunks of flesh


   Skills:
 + Level 2.2 Fighting
 + Level 3.4 Axes
 - Level 2.0 Throwing
 + Level 0.4 Armour
 - Level 3.6 Dodging
 + Level 1.1 Stealth


You had 2 spell levels left.
You didn't know any spells.
Your spell library was empty.

Dungeon Overview and Level Annotations

Branches:
Dungeon (2/15)

Altars:


Innate Abilities, Weirdness & Mutations

You are small and have problems with some larger weapons.
You are somewhat resistant to further mutation.


Message History

You feel clever all of a sudden.
* * * LOW HITPOINT WARNING * * *
You feel sick. The kobold closely misses you.
It was a potion of flight.
You feel very buoyant.
You fly up into the air.
The kobold closely misses you.
* * * LOW HITPOINT WARNING * * *
You feel sick.
* * * LOW HITPOINT WARNING * * *
You feel sick.
* * * LOW HITPOINT WARNING * * *
You feel sick.
Your magical effects are unravelling.
You feel magically purged.
You float gracefully downwards.
You feel a little less clever now. The kobold hits you but does no damage.
You are more poisoned.
* * * LOW HITPOINT WARNING * * *
You feel sick.
You die...

.... .. #< .#
#.#... ...#. .#
#.#..# ...#.# ..
.. ..# ...... .#
#. #.#
......##.#
#.##.#####
.........#
#.#.....<#
..)......#
#.#..#####
....K...!#
#...@#
.####.#.##
###..#
.....#.######K.#
#.....†...g...#
############.##
#.# #.# #.# +.#


You could see a kobold.

Vanquished Creatures
  An adder (D:2)
  2 dart slugs (D:1)
  A leopard gecko (D:1)
  A ball python (D:1)
  A giant cockroach (D:1)
  3 goblins (D:1)
  5 hobgoblins (D:1)
  A bat (D:1)
  4 frilled lizards (D:1)
  2 rats (D:1)
21 creatures vanquished.

Notes
Turn   | Place    | Note
-------+----------+-------------------------------------------
     0 | D:1      | Jannitor the Halfling Gladiator began the quest for the
                  | Orb.
     0 | D:1      | Reached XP level 1. HP: 14/14 MP: 1/1
    72 | D:1      | Reached XP level 2. HP: 18/19 MP: 2/2
   949 | D:1      | Reached XP level 3. HP: 24/24 MP: 3/3
  1331 | D:2      | Reached skill level 1 in Stealth
  1341 | D:2      | HP: 1/24 [poisoned by a kobold]
  1342 | D:2      | Succumbed to a kobold's poison

Vault maps used:
D:1:      psy_arrival_terrarium
D:2:      nicolae_dithmenos_shadow_blocks, minitemple

Skill      XL: |  1  2  3 |
---------------+----------+-----
Fighting       | 2 |  2.2
Stealth        | 1 |  1.1
Axes           | |  3.4
Throwing       | |  2.0
Armour         | |  0.4
Dodging        | |  3.6

Action                   || total
-------------------------++-------
Melee: War axe           ||    66
  Use: Potion            ||     4
 Stab: Sleeping          ||     2
  Eat: Chunk             ||     1
Armor: Leather armour    ||     7
       Ring mail         ||     8
Dodge: Dodged            ||    51

Table legend:
 A = Non-vault XP
 B = Vault XP
 C = Vault XP percentage of total XP
 D = Non-vault monster count
 E = Vault monster count
 F = Vault count percentage of total count
                 A         B        C        D         E       F
            +---------+---------+-------+---------+---------+-------
      Total |      51 |       0 |   0.0 |      21 |       0 |   0.0
            +---------+---------+-------+---------+---------+-------
        D:1 |      37 |       0 |   0.0 |      20 |       0 |   0.0
        D:2 |      14 |       0 |   0.0 |       1 |       0 |   0.0
            +---------+---------+-------+---------+---------+-------
